 Dungeon Crawl Stone Soup version 0.28.0-53-g5a82cb258f (webtiles) character file.

Game seed: 15733700291836815401

221 DemonSlayer the Firebug (level 5, -2/37 HPs)
             Began as a Demonspawn Fire Elementalist on July 20, 2022.
             Slain by Pikel
             ... wielding a +1 whip of electrocution
              (8 damage)
             ... on level 5 of the Dungeon.
             The game lasted 00:08:20 (4621 turns).

DemonSlayer the Firebug (DsFE)                      Turns: 4621, Time: 00:08:21

Health: -2/37      AC:  5    Str:  9    XL:     5   Next: 65%
Magic:  10/10      EV: 12    Int: 18    God:
Gold:   194        SH:  0    Dex: 13    Spells: 5/11 levels left

rFire   . . .      SeeInvis .   m - +0 war axe
rCold   . . .      Faith    .   (no shield)
rNeg    . . .      Spirit   .   a - +1 robe
rPois   .          Reflect  .   (no helmet)
rElec   .          Harm     .   g - +0 cloak
rCorr   .          Rampage  .   (no gloves)
Will    .....                   (no boots)
Stlth   +.........              (no amulet)
HPRegen 0.12/turn               (no ring)
MPRegen 0.12/turn               (no ring)

@: confused, lethally poisoned (-2 -> -14), about to teleport
A: rugged brown scales 1, powered by death 1, condensation shield
a: no special abilities


You were on level 5 of the Dungeon.
You visited 1 branch of the dungeon, and saw 5 of its levels.

You collected 194 gold pieces.

Inventory:

Hand Weapons
 d - a +2 dagger of draining
 m - a +0 war axe (weapon)
Missiles
 p - 2 throwing nets
Armour
 a - a +1 robe (worn)
 g - a +0 cloak (worn)
Jewellery
 h - a ring of ice
Wands
 e - a wand of flame (8)
Scrolls
 b - a scroll of teleportation
 k - a scroll of amnesia
 n - a scroll of enchant armour
Potions
 c - a potion of mutation
 f - 2 potions of might {unknown}
 i - a potion of cancellation {unknown}
 j - 2 potions of flight
 l - a potion of berserk rage {unknown}
 o - a potion of magic {unknown}


   Skills:
 + Level 0.5 Fighting
 + Level 0.8 Short Blades
 + Level 2.1 Dodging
 + Level 2.3 Stealth
 + Level 0.1 Shields
 + Level 3.6 Spellcasting
 + Level 1.7 Conjurations
 + Level 4.0 Fire Magic


You had 5 spell levels left.
You knew the following spells:

 Your Spells              Type           Power      Damage    Failure   Level
a - Foxfire               Conj/Fire      52%        2x1d6     4%          1
b - Scorch                Fire           34%        2d7       4%          2
c - Conjure Flame         Conj/Fire      13%        6-21      14%         3

Your spell library contained the following spells:

 Spells                   Type           Power      Damage    Failure   Level
 Inner Flame              Hex/Fire       10%        N/A       21%         3
 Flame Wave               Conj/Fire      13%        2d6       43%         4


Dungeon Overview and Level Annotations

Branches:
Dungeon (5/15)
 Temple: D:4-7

Altars:
Elyvilon

Annotations:
D:5 Pikel


Innate Abilities, Weirdness & Mutations

You are partially covered in rugged brown scales. (AC +1, +3% HP)
You regenerate a little health from kills.
A meltable shield of frost defends you. (SH +0)


Message History

The orc hits you but does no damage.
The orc wizard hits you with a +0 dagger of venom.
You are poisoned.
The orc wizard closely misses you.
Unknown command.
You barely miss the orc wizard. You closely miss the orc wizard.
You feel sick.
The orc wizard points at you and mumbles some strange words.
You resist with some effort. The orc wizard barely misses you.
The lemure hits you but does no damage.
You closely miss the lemure. You barely miss the orc wizard.
You hit the orc wizard.
You feel sick.
The orc wizard hits you but does no damage.
You are more poisoned.
The lemure barely misses you.
You barely miss the orc wizard. You barely miss the lemure.
You hit the orc wizard.
You feel very sick. The lemure barely misses you.
The orc wizard hits you but does no damage.
You are more poisoned.
The orc wizard hits you but does no damage.
As you read the scroll of teleportation, it crumbles to dust.
You feel strangely unstable.
You feel very sick.
The orc wizard gestures at you while chanting.
You resist with some effort.
The orc wizard gestures at you while chanting.
You are confused.
Pikel hits you with a +1 whip of electrocution.
You bump into the rock wall.
You feel very sick. The orc wizard closely misses you.
The orc wizard gestures at you while chanting.
The magic dart hits you.
* * * LOW HITPOINT WARNING * * *
Pikel says, "Asmodeus and me are pals.
He gave me this whip."
Pikel hits you with a +1 whip of electrocution.
* * * LOW HITPOINT WARNING * * *
You are electrocuted!
You die...

........ ### #.#.#.#
.......... #.#.#.#
........... #.#.#.#
...........# .#.#.#.#
.#.#.#.## ..#...K..#
#####$####.#..#
..#ooo...#5#..# #. #.#@#
#.#..# #K
#.#K######.#5.# #.
#.#5..5..K.#K.# #5
#.##########..# #. #.#
#.....# #.
#.#######K###.#
.##.##.###........5....#
...................#####
####.#.#############


You could see Pikel, a lemure, an orc priest and 2 orc wizards.

Vanquished Creatures
  An ogre (D:5)
  Jessica (D:3)
  3 gnolls (D:4)
  2 adders
  A dart slug (D:2)
  An orc (D:4)
  3 ball pythons
  7 endoplasms
  A giant cockroach (D:1)
  5 goblins
  8 hobgoblins
  5 kobolds
  2 quokkas (D:1)
  6 bats (D:1)
  4 frilled lizards (D:1)
  5 rats
55 creatures vanquished.

Vanquished Creatures (others)
  68 foxfires
68 creatures vanquished.

Grand Total: 123 creatures vanquished

Notes
Turn   | Place    | Note
-------+----------+-------------------------------------------
     0 | D:1      | DemonSlayer the Demonspawn Fire Elementalist began the
                  | quest for the Orb.
     0 | D:1      | Reached XP level 1. HP: 13/13 MP: 3/3
   454 | D:1      | Reached skill level 3 in Fire Magic
   454 | D:1      | Gained mutation: You regenerate a little health from kills.
                  | [demonic ancestry]
   454 | D:1      | Reached XP level 2. HP: 13/19 MP: 0/5
   457 | D:1      | Learned a level 2 spell: Scorch
  1562 | D:1      | Gained mutation: You are partially covered in rugged brown
                  | scales. (AC +1, +3% HP) [demonic ancestry]
  1562 | D:1      | Reached XP level 3. HP: 19/24 MP: 6/6
  1576 | D:1      | Learned a level 3 spell: Conjure Flame
  2486 | D:3      | Noticed Jessica
  2494 | D:3      | HP: 1/24 [Jessica/+0 club (6)]
  2499 | D:3      | Killed Jessica
  2844 | D:3      | Gained mutation: A meltable shield of frost defends you.
                  | (SH +0) [demonic ancestry]
  2844 | D:3      | Reached XP level 4. HP: 28/30 MP: 4/7
  4367 | D:5      | Entered Level 5 of the Dungeon
  4367 | D:5      | Noticed a necrophage
  4446 | D:5      | Noticed an ogre
  4449 | D:5      | Killed an ogre
  4450 | D:5      | Reached skill level 4 in Fire Magic
  4450 | D:5      | Reached XP level 5. HP: 37/37 MP: 2/10
  4580 | D:5      | Noticed Pikel
  4580 | D:5      | Noticed a lemure
  4621 | D:5      | Slain by Pikel

Illustrated notes

Levels and vault maps discovered:
D:1:      evilmike_arrival_plus, layout_basic
D:2:      layout_loops_cross, minivault_27
D:3:      layout_basic, kennysheep_generic_room_8, uniq_jessica
D:4:      layout_basic, nicolae_elyvilon_peaceful_grove
D:5:      layout_basic, lemuel_temple_firewalk_b, uniq_grinder, uniq_eustachio,
          uniq_pikel

Skill      XL: |  1  2  3  4 |
---------------+-------------+-----
Fire Magic     | 3 4 |  4.0
Stealth        | 2 |  2.3
Dodging        | 2 |  2.1
Spellcasting   | 3 |  3.6
Fighting       | |  0.5
Short Blades   | |  0.8
Shields        | |  0.1
Conjurations   | |  1.7

Action                   |  1- 3 |  4- 6 || total
-------------------------+-------+-------++-------
Melee: Dagger            |    57 |     7 ||    64
       Punch             |     1 |     1 ||     2
       War axe           |       |     9 ||     9
 Cast: Foxfire           |    43 |       ||    43
       Scorch            |     4 |    20 ||    24
  Use: Potion            |     2 |       ||     2
       Scroll            |     1 |     6 ||     7
 Stab: Sleeping          |     3 |       ||     3
Armor: Robe              |    16 |     7 ||    23
Dodge: Dodged            |    38 |    12 ||    50
Block: Other             |       |     4 ||     4
